 Dungeon Crawl Stone Soup version 0.27.0-1-g7a08968 (webtiles) character file.

Game seed: 11749363942365425102

5667 alexhoolio the Cleaver (level 10, 0/88 HPs)
             Began as a Minotaur Fighter on Nov 30, 2021.
             Was a Believer of the Shining One.
             Slain by Snorg (7 damage)
             ... on level 10 of the Dungeon.
             The game lasted 00:26:24 (8320 turns).

alexhoolio the Cleaver (Minotaur Fighter)           Turns: 8320, Time: 00:26:25

Health: 0/88       AC: 19    Str: 24    XL:     10   Next: 47%
Magic:  3/3        EV:  5    Int:  5    God:    the Shining One [**....]
Gold:   320        SH: 11    Dex: 10    Spells: 9/9 levels left

rFire    . . .     SeeInvis .   r - +2 war axe (antimagic)
rCold    . . .     Faith    .   c - +0 kite shield
rNeg     + . .     Spirit   .   a - +0 plate armour
rPois    .         Reflect  .   (helmet restricted)
rElec    .         Harm     .   D - +2 cloak {Will+}
rCorr    .         Rampage  .   y - +1 pair of gloves
Will     +....                  (no boots)
Stlth    ..........             B - amulet of regeneration
HPRegen  1.24/turn              (no ring)
MPRegen  0.08/turn              (no ring)

@: glowing
A: horns 2, retaliatory headbutt
a: Renounce Religion, Divine Shield


You were on level 10 of the Dungeon.
You worshipped the Shining One.
The Shining One was pleased with you.
You visited 2 branches of the dungeon, and saw 11 of its levels.
You also visited: Ossuary.

You collected 502 gold pieces.
You spent 182 gold pieces at shops.

Inventory:

Hand Weapons
 r - a +2 antimagic war axe (weapon)
 z - a +0 hunting sling
 J - a +0 morningstar
Missiles
 h - 10 poisoned darts (quivered)
 E - 6 atropa-tipped darts
 H - 7 javelins
Armour
 a - a +0 plate armour (worn)
 c - a +0 kite shield (worn)
 y - a +1 pair of gloves (worn)
 D - a +2 cloak of willpower (worn)
 F - the +1 robe "Woanoafe" {rElec rPois}
   (You took it off an orc on level 7 of the Dungeon)

   rElec:     It insulates you from electricity.
   rPois:     It protects you from poison.
Jewellery
 B - an amulet of regeneration (around neck)
Wands
 d - a wand of digging (7)
 G - a wand of polymorph (9)
 M - a wand of paralysis (2)
Scrolls
 e - 9 scrolls of identify {unknown}
 f - 3 scrolls of vulnerability {unknown}
 g - 4 scrolls of teleportation {unknown}
 j - 5 scrolls of enchant armour {unknown}
 l - a scroll of blinking {unknown}
 n - 4 scrolls of noise {unknown}
 o - 4 scrolls of enchant weapon {unknown}
 s - 2 scrolls of fog {unknown}
 t - 2 scrolls of immolation {unknown}
 v - 2 scrolls of fear {unknown}
 x - a scroll of acquirement {unknown}
 A - a scroll of magic mapping {unknown}
 C - a scroll of summoning {unknown}
 I - a scroll of silence {unknown}
 L - a scroll of amnesia {unknown}
Potions
 b - a potion of invisibility {unknown}
 i - 5 potions of curing
 k - 5 potions of haste {unknown}
 m - 2 potions of resistance {unknown}
 p - 9 potions of heal wounds
 q - 2 potions of flight {unknown}
 u - 2 potions of degeneration {unknown}
 w - a potion of magic {unknown}
 K - a potion of lignification {unknown}


   Skills:
 - Level 8.0 Fighting
 * Level 13.8 Axes
 - Level 8.0 Armour
 - Level 8.0 Shields


You had 9 spell levels left.
You didn't know any spells.
Your spell library contained the following spells:

 Spells                   Type           Power      Damage    Failure   Level
 Stone Arrow              Conj/Erth      0%         3d7       100%        3
 Animate Armour           Summ/Erth      0%         N/A       100%        4
 Lehudib's Crystal Spear  Conj/Erth      0%         10d2      100%        8


Dungeon Overview and Level Annotations

Branches:
Dungeon (10/15)            Temple (1/1) D:7         Ossuary (visited)
   Lair: D:8-11         Orc: D:9-12

Altars:
Ashenzari
Elyvilon
Fedhas
Gozag
Hepliaklqana
Makhleb
Nemelex Xobeh
Okawaru
Qazlal
Ru
Vehumet
Yredelemnul
Zin
The Shining One

Shops:
D:1 :   D:6 (   D:7 [   D:8 !   D:9 *   D:10 =

Annotations:
D:10 Snorg


Innate Abilities, Weirdness & Mutations

You have a pair of horns on your head.
You reflexively headbutt those who attack you in melee.


Message History

Snorg is moderately wounded.
Snorg bites you. Snorg claws you but does no damage. Snorg claws you.
You hit Snorg. You headbutt Snorg!
Snorg is heavily wounded.
Snorg bites you but does no damage. You block Snorg's attack.
Snorg claws you but does no damage.
You slash Snorg!
Snorg is heavily wounded.
Snorg goes berserk!
You slice Snorg!!
Snorg is severely wounded.
You block Snorg's attack. Snorg barely misses you.
Snorg claws you but does no damage. Snorg bites you but does no damage.
Snorg claws you!! Snorg barely misses you.
You hit Snorg but do no damage. You headbutt Snorg, but do no damage.
Snorg is severely wounded.
Snorg bites you but does no damage. Snorg claws you but does no damage. x2
You slash Snorg! Your headbutt misses Snorg.
Snorg is severely wounded.
Snorg completely misses you. You block Snorg's attack.
Snorg claws you but does no damage. Snorg bites you.
Snorg claws you but does no damage. x2
You hit Snorg.
Snorg is severely wounded.
Snorg bites you but does no damage. You block Snorg's attack. x2
You hit Snorg.
Snorg is severely wounded.
Snorg barely misses you. Snorg claws you. You block Snorg's attack.
You slash Snorg!
Snorg is almost dead.
Snorg bites you!
You block Snorg's attack. x2; Snorg bites you!!
* * * LOW HITPOINT WARNING * * *
Snorg claws you!
* * * LOW HITPOINT WARNING * * *
Snorg claws you!
* * * LOW HITPOINT WARNING * * *
You block Snorg's attack. Snorg claws you but does no damage.
Snorg barely misses you. Snorg bites you!
You die...

#..#######)#
#..........## ##
#####...........###
..#####.........#+#.....#
................+∩'..#...
................#'#..##..
....................#####
....................# #
#....@..###..##### ##
###..T### ##..# #.
##...## ##..# ##. ##...##
...####.. #...##
#........ #....##
#........ ..<......
#...###.. .../...... ...
##. ........... ##.


You could see Snorg (berserk).

Vanquished Creatures
  Pikel (D:4)
  A hornet (D:9)
  Sigmund (D:6)
  3 yaks (D:8)
  Menkaure (D:6)
  2 water moccasins
  2 ice beasts
  A sky beast (D:6)
  3 ogres
  A black bear (D:3)
  An orc warrior (D:7)
  A necrophage (D:6)
  4 centaurs
  2 phantoms
  Blork the orc (D:5)
  A bullfrog (D:6)
  A gnoll sergeant (D:7)
  A scorpion (D:6)
  2 water moccasin zombies (Ossuary)
  2 elf skeletons (D:4)
  14 killer bees
  10 wights
  A howler monkey (D:6)
  2 bullfrog zombies (D:6)
  3 centaur zombies
  Crazy Yiuf (D:6)
  A jelly (D:7)
  3 orc priests
  2 hounds (D:6)
  4 human skeletons (D:4)
  5 gnoll shamans
  3 iguanas
  5 orc wizards
  A hound skeleton (D:4)
  2 mummies (Ossuary)
  21 gnolls
  2 howler monkey zombies
  7 adders
  A howler monkey skeleton (D:5)
  A shadow imp (D:5)
  A white imp (D:6)
  An adder zombie (Ossuary)
  3 dart slugs (D:2)
  28 orcs
  4 ball pythons
  2 endoplasms
  A giant cockroach (D:4)
  2 gnoll zombies (Ossuary)
  12 goblins
  15 hobgoblins
  2 jackals (D:7)
  9 kobolds
  3 quokkas
  4 bats
  4 frilled lizards
  4 hobgoblin zombies (Ossuary)
  5 kobold zombies (Ossuary)
  4 orc skeletons (D:4)
  6 orc zombies
  A rat (D:2)
232 creatures vanquished.

Vanquished Creatures (others)
  A fungus (D:3)
  3 plants (D:3)
4 creatures vanquished.

Grand Total: 236 creatures vanquished

Notes
Turn   | Place    | Note
-------+----------+-------------------------------------------
     0 | D:1      | alexhoolio the Minotaur Fighter began the quest for the
                  | Orb.
     0 | D:1      | Reached XP level 1. HP: 19/19 MP: 0/0
   404 | D:1      | Reached XP level 2. HP: 15/27 MP: 1/1
   576 | D:1      | Reached skill level 3 in Axes
   694 | D:1      | Found Qozoupp's Book Shop.
  1134 | D:2      | Reached XP level 3. HP: 33/33 MP: 2/2
  1865 | D:3      | Reached XP level 4. HP: 24/40 MP: 3/3
  1867 | D:3      | Reached skill level 4 in Axes
  2210 | D:3      | Noticed a black bear
  2221 | D:3      | Killed a black bear
  2222 | D:3      | Reached XP level 5. HP: 41/47 MP: 1/4
  2358 | D:3      | Found a faded altar of an unknown god.
  2665 | D:4      | Reached skill level 5 in Axes
  2710 | D:4      | Reached XP level 6. HP: 37/55 MP: 1/5
  2768 | D:4      | Reached skill level 5 in Armour
  2793 | D:4      | Reached skill level 5 in Fighting
  2793 | D:4      | Reached skill level 5 in Shields
  2907 | D:4      | Found a sand-covered staircase.
  2919 | Ossuary  | Entered an ossuary
  2931 | Ossuary  | Reached skill level 6 in Axes
  2941 | Ossuary  | Reached XP level 7. HP: 61/61 MP: 2/6
  3565 | D:5      | Entered Level 5 of the Dungeon
  3574 | D:5      | Noticed a two-headed ogre
  3704 | D:5      | Noticed Blork the orc
  3711 | D:5      | Killed Blork the orc
  3712 | D:5      | Reached skill level 7 in Axes
  3827 | D:5      | Noticed Menkaure
  3827 | D:5      | Noticed Pikel
  3871 | D:4      | Killed Pikel
  3872 | D:4      | Reached skill level 8 in Axes
  3872 | D:4      | Reached XP level 8. HP: 48/71 MP: 2/7
  4514 | D:6      | Found Lotwades's Antique Weapon Shop.
  4719 | D:6      | Reached skill level 9 in Axes
  4870 | D:6      | Reached XP level 9. HP: 79/79 MP: 2/8
  5041 | D:6      | Found a radiant altar of Vehumet.
  5218 | D:6      | Noticed Sigmund
  5237 | D:6      | Killed Sigmund
  5249 | D:6      | Found a runed translucent door.
  5250 | D:6      | Noticed Crazy Yiuf
  5259 | D:6      | Killed Crazy Yiuf
  5401 | D:6      | Killed Menkaure
  5553 | D:5      | Reached skill level 10 in Axes
  5968 | D:7      | Identified the +1 robe "Woanoafe" {rElec rPois}
  6075 | D:7      | Found Dauvylui's Armour Shop.
  6174 | D:7      | Reached skill level 11 in Axes
  6179 | D:7      | Found a broken altar of Ashenzari.
  6280 | D:7      | Found a staircase to the Ecumenical Temple.
  6304 | Temple   | Entered the Ecumenical Temple
  6312 | Temple   | Became a worshipper of the Shining One
  6396 | D:7      | Found a sparkling altar of Nemelex Xobeh.
  6837 | D:8      | Found a sacrificial altar of Ru.
  7057 | D:8      | Found Coczowam's Distillery.
  7380 | D:8      | Bought a potion of berserk rage for 70 gold pieces
  7380 | D:8      | Bought a potion of heal wounds for 70 gold pieces
  7380 | D:8      | Bought a potion of curing for 42 gold pieces
  7503 | D:9      | Reached * piety under the Shining One
  7527 | D:8      | Reached skill level 12 in Axes
  7527 | D:8      | Reached XP level 10. HP: 81/88 MP: 3/9
  7674 | D:9      | Reached skill level 13 in Axes
  7757 | D:9      | Found Cuschargh's Serpentskin Sales.
  8039 | D:10     | Entered Level 10 of the Dungeon
  8052 | D:10     | Reached ** piety under the Shining One
  8280 | D:10     | Found Hoguucw's Jewellery Emporium.
  8301 | D:10     | Noticed Snorg
  8316 | D:10     | HP: 2/88 [Snorg (9)]
  8320 | D:10     | Slain by Snorg

Illustrated notes

Levels and vault maps discovered:
D:1:      sevenhm_arrival_forest_fort_small_6, layout_basic, serial_shops,
          nicolae_diamond_shop, hex_tiny
D:2:      layout_basic, minmay_tetromino_o2
D:3:      layout_basic, shapermc_ecumenical_altar_mp_ritualfount
D:4:      corexii_shantytown, layout_rooms, nicolae_ossuary_entry_catacombs
D:5:      layout_layer_cave, uniq_menkaure, uniq_blork_the_orc, uniq_pikel
D:6:      layout_loops_ring, marbit_many_paths, serial_shops,
          nicolae_shop_behind_doors, uniq_crazy_yiuf_cottage, uniq_sigmund
D:7:      layout_cave_pools, nicolae_ashenzari_panopticon,
          nemelex_spade_bored_becter, temple_pool_b, serial_gnoll_camp,
          gnoll_camp_mini_sergeant, gnoll_camp_mini_hut, gnoll_camp_mini_hut,
          gnoll_camp_mini_shop, gnoll_camp_mini_basic, minivault_24
D:8:      layout_loops_ring, mainiacjoe_overflow_chevrons, serial_shops,
          nicolae_shop_temple_entry_statues_fountains
D:9:      layout_rooms, guppyfry_shop_venom
D:10:     layout_layer_cave, nicolae_trove_entry_isolated, serial_shops,
          kennysheep_mini_moat, nicolae_take_the_stairs, uniq_snorg
Temple:   eino_narrow_crystal_temple

Skill      XL: |  1  2  3  4  5  6  7  8  9 10 |
---------------+-------------------------------+-----
Axes           | 3 4 5 6 8 9 12 13 | 13.8
Fighting       | 4 5 6 7 8 |  8.0
Shields        | 4 5 6 7 8 |  8.0
Armour         | 4 5 6 7 8 |  8.0

Action                   |  1- 3 |  4- 6 |  7- 9 | 10-12 || total
-------------------------+-------+-------+-------+-------++-------
Melee: War axe           |    70 |   114 |   319 |   111 ||   614
       Headbutt          |    17 |    20 |    60 |    16 ||   113
Throw: Dart              |       |       |     4 |       ||     4
  Use: Potion            |       |     1 |     1 |     2 ||     4
Armor: Scale mail        |    36 |    15 |       |       ||    51
       Plate armour      |       |    41 |   158 |    87 ||   286
Dodge: Dodged            |    22 |    36 |    49 |    29 ||   136
Block: Kite shield       |    36 |    48 |   172 |    92 ||   348
